[ AOE2 MATCH · #505175593 ]
UnrankedShu vs Britons
Player's team · WIN
Rival team · LOSS
[ REPLAY ANALYSIS · EXTRACTED FROM THE RECORDED GAME ]
Feudal
9:26
Castle
22:46
Imperial
38:28
| APM avg | 66.0 |
| APM peak | 105 |
| eAPM avg | 24.4 |
| Villagers / military | 139 / 123 |
Focus
⚔️ 37.3% · 🌾 62.7%
Archer ×112 · Skirmisher ×11 · Unknown (1942) ×6
Feudal
10:15
Castle
26:08
Imperial
—
| APM avg | 65.9 |
| APM peak | 123 |
| eAPM avg | 28.1 |
| Villagers / military | 111 / 35 |
Focus
⚔️ 21.8% · 🌾 78.2%
Skirmisher ×15 · Archer ×7 · Scout Cavalry ×7 · Mangonel ×4 · Militia ×2
Match map
Initial resources + every placement click. Lines = walls · curves = elevation contours. ◆ gold · ⬟ stone · ● berries · ✦ relic · ◌ wall gap
Your base· Open — 8t gap
DeliManyak's base· Open — 1t gap
Smoothed initial terrain · ◌ = detected wall gap · hover for details
Inputs per minute
— 刻骨銘心 - - DeliManyak
Build order — 刻骨銘心
First 150 of 420 actions detected
| 0:00 | Queue | Villager (Male) |
| 0:01 | Queue | Villager (Male) |
| 0:02 | Build | House |
| 0:03 | Build | House |
| 0:08 | Queue | Villager (Male) |
| 0:11 | Queue | Villager (Male) |
| 1:32 | Queue | Villager (Male) |
| 2:01 | Build | Mill |
| 2:02 | Queue | Villager (Male) |
| 2:02 | Queue | Villager (Male) |
| 2:32 | Queue | Villager (Male) |
| 2:56 | Queue | Villager (Male) |
| 2:57 | Queue | Villager (Male) |
| 2:57 | Queue | Villager (Male) |
| 3:24 | Queue | Villager (Male) |
| 3:24 | Queue | Villager (Male) |
| 3:39 | Queue | Villager (Male) |
| 3:39 | Queue | Villager (Male) |
| 3:52 | Build | House |
| 4:14 | Queue | Villager (Male) |
| 4:14 | Queue | Villager (Male) |
| 4:14 | Queue | Villager (Male) |
| 4:39 | Queue | Villager (Male) |
| 4:49 | Build | Lumber Camp |
| 5:00 | Queue | Villager (Male) |
| 5:30 | Queue | Villager (Male) |
| 5:30 | Queue | Villager (Male) |
| 5:30 | Queue | Villager (Male) |
| 6:12 | Queue | Villager (Male) |
| 6:38 | Build | Mining Camp |
| 6:41 | Research | Loom |
| 6:43 | Queue | Villager (Male) |
| 7:16 | Research | Feudal Age |
| 7:16 | Research | Feudal Age |
| 8:14 | Build | Barracks |
| 8:31 | Queue | Villager (Male) |
| 8:40 | Build | House |
| 9:26 | Age | Feudal Age |
| 9:28 | Build | Archery Range |
| 9:45 | Queue | Villager (Male) |
| 9:52 | Build | House |
| 9:53 | Queue | Villager (Male) |
| 10:10 | Research | Double-Bit Axe |
| 10:18 | Build | Archery Range |
| 10:19 | Queue | Villager (Male) |
| 10:36 | Queue | Archer |
| 10:53 | Queue | Villager (Male) |
| 11:01 | Queue | Villager (Male) |
| 11:03 | Build | House |
| 11:05 | Queue | Archer |
| 11:21 | Queue | Archer |
| 11:27 | Build | Mill |
| 11:37 | Queue | Villager (Male) |
| 11:46 | Queue | Archer |
| 11:57 | Build | Blacksmith |
| 11:59 | Build | Palisade Wall |
| 12:09 | Build | Palisade Wall |
| 12:20 | Build | Palisade Wall |
| 12:22 | Build | Palisade Wall |
| 12:25 | Queue | Archer |
| 12:33 | Queue | Villager (Male) |
| 12:39 | Queue | Villager (Male) |
| 12:43 | Build | Palisade Wall |
| 12:45 | Build | Palisade Wall |
| 12:46 | Queue | Villager (Male) |
| 12:49 | Queue | Villager (Male) |
| 12:55 | Build | House |
| 12:56 | Research | Fletching |
| 13:04 | Queue | Villager (Male) |
| 13:05 | Build | Palisade Wall |
| 13:08 | Build | Palisade Wall |
| 13:14 | Queue | Archer |
| 13:21 | Queue | Villager (Male) |
| 13:31 | Build | House |
| 13:38 | Build | Lumber Camp |
| 13:38 | Queue | Villager (Male) |
| 13:43 | Build | Farm |
| 13:44 | Build | Farm |
| 13:45 | Build | Farm |
| 13:56 | Build | House |
| 14:01 | Queue | Villager (Male) |
| 14:11 | Queue | Archer |
| 14:11 | Queue | Archer |
| 14:19 | Queue | Villager (Male) |
| 14:22 | Build | House |
| 14:25 | Build | Farm |
| 14:39 | Queue | Villager (Male) |
| 14:42 | Build | House |
| 14:45 | Build | House |
| 14:52 | Queue | Archer |
| 15:16 | Build | Farm |
| 15:16 | Build | Farm |
| 15:16 | Build | Farm |
| 15:16 | Build | Farm |
| 15:17 | Queue | Villager (Male) |
| 15:17 | Queue | Villager (Male) |
| 15:23 | Queue | Archer |
| 15:23 | Queue | Archer |
| 15:36 | Queue | Villager (Male) |
| 15:37 | Build | Farm |
| 15:38 | Build | Farm |
| 15:39 | Queue | Villager (Male) |
| 15:45 | Queue | Skirmisher |
| 15:45 | Queue | Skirmisher |
| 16:13 | Queue | Villager (Male) |
| 16:19 | Queue | Skirmisher |
| 16:19 | Queue | Skirmisher |
| 16:21 | Research | Padded Archer Armor |
| 16:22 | Queue | Villager (Male) |
| 16:24 | Build | Farm |
| 16:24 | Build | Farm |
| 16:35 | Queue | Skirmisher |
| 16:35 | Queue | Skirmisher |
| 16:36 | Queue | Villager (Male) |
| 16:45 | Queue | Villager (Male) |
| 16:59 | Queue | Skirmisher |
| 17:00 | Queue | Villager (Male) |
| 17:20 | Queue | Villager (Male) |
| 17:26 | Queue | Skirmisher |
| 17:26 | Queue | Skirmisher |
| 17:31 | Build | Farm |
| 17:32 | Build | Farm |
| 17:32 | Build | Farm |
| 17:32 | Build | Farm |
| 18:20 | Queue | Archer |
| 18:20 | Queue | Archer |
| 18:21 | Queue | Villager (Male) |
| 18:23 | Build | Farm |
| 18:23 | Build | Farm |
| 18:25 | Build | Farm |
| 18:25 | Build | Farm |
| 18:26 | Build | Farm |
| 18:28 | Queue | Villager (Male) |
| 18:38 | Queue | Villager (Male) |
| 18:52 | Queue | Villager (Male) |
| 19:02 | Build | Market |
| 19:41 | Queue | Villager (Male) |
| 20:06 | Research | Castle Age |
| 20:06 | Research | Castle Age |
| 20:10 | Build | House |
| 20:14 | Research | Gold Mining |
| 20:19 | Queue | Archer |
| 20:19 | Queue | Archer |
| 20:33 | Build | House |
| 20:37 | Build | Palisade Wall |
| 20:44 | Build | House |
| 20:45 | Build | House |
| 20:48 | Queue | Skirmisher |
| 20:48 | Queue | Skirmisher |
| 20:51 | Research | Horse Collar |
Build order — DeliManyak
First 150 of 285 actions detected
| 0:00 | Queue | Villager (Male) |
| 0:00 | Queue | Villager (Male) |
| 0:01 | Queue | Villager (Male) |
| 0:01 | Queue | Villager (Male) |
| 0:01 | Queue | Villager (Male) |
| 0:02 | Build | House |
| 0:04 | Build | House |
| 0:18 | Research | Loom |
| 1:22 | Queue | Villager (Male) |
| 1:54 | Queue | Villager (Male) |
| 2:33 | Queue | Villager (Male) |
| 3:11 | Queue | Villager (Male) |
| 3:12 | Queue | Villager (Male) |
| 3:12 | Queue | Villager (Male) |
| 3:13 | Queue | Villager (Male) |
| 3:13 | Queue | Villager (Male) |
| 3:14 | Queue | Villager (Male) |
| 3:25 | Build | House |
| 3:40 | Queue | Villager (Male) |
| 4:29 | Queue | Villager (Male) |
| 4:35 | Queue | Villager (Male) |
| 4:35 | Queue | Villager (Male) |
| 4:35 | Queue | Villager (Male) |
| 4:36 | Queue | Villager (Male) |
| 5:17 | Queue | Villager (Male) |
| 5:35 | Queue | Villager (Male) |
| 5:35 | Queue | Villager (Male) |
| 5:53 | Queue | Villager (Male) |
| 5:53 | Queue | Villager (Male) |
| 5:56 | Build | Mill |
| 6:04 | Queue | Villager (Male) |
| 6:40 | Build | Barracks |
| 7:04 | Queue | Villager (Male) |
| 7:08 | Build | House |
| 7:32 | Queue | Villager (Male) |
| 8:05 | Research | Feudal Age |
| 8:05 | Research | Feudal Age |
| 8:20 | Build | Lumber Camp |
| 8:30 | Queue | Militia |
| 8:30 | Queue | Militia |
| 9:08 | Queue | Villager (Male) |
| 9:11 | Build | Mill |
| 9:15 | Build | House |
| 9:54 | Build | Mining Camp |
| 10:03 | Build | Palisade Wall |
| 10:04 | Build | Palisade Wall |
| 10:06 | Build | Palisade Wall |
| 10:15 | Age | Feudal Age |
| 10:43 | Queue | Villager (Male) |
| 10:44 | Queue | Villager (Male) |
| 10:45 | Build | Archery Range |
| 11:04 | Build | House |
| 11:05 | Build | Palisade Wall |
| 11:11 | Research | Man-at-Arms (upgrade) |
| 11:12 | Research | Man-at-Arms (upgrade) |
| 11:20 | Queue | Villager (Male) |
| 11:26 | Build | House |
| 11:27 | Build | Palisade Wall |
| 11:29 | Build | Palisade Wall |
| 11:41 | Queue | Archer |
| 11:41 | Queue | Archer |
| 12:39 | Queue | Villager (Male) |
| 12:40 | Queue | Archer |
| 12:40 | Queue | Archer |
| 12:44 | Queue | Villager (Male) |
| 12:46 | Build | Blacksmith |
| 12:55 | Queue | Archer |
| 13:14 | Queue | Villager (Male) |
| 13:34 | Queue | Archer |
| 13:44 | Research | Fletching |
| 13:45 | Queue | Skirmisher |
| 13:45 | Queue | Skirmisher |
| 13:58 | Queue | Archer |
| 13:59 | Queue | Villager (Male) |
| 13:59 | Queue | Villager (Male) |
| 14:01 | Build | Farm |
| 14:05 | Build | Farm |
| 14:19 | Queue | Villager (Male) |
| 14:23 | Build | Farm |
| 14:27 | Build | Farm |
| 15:00 | Queue | Skirmisher |
| 15:00 | Queue | Skirmisher |
| 15:26 | Queue | Skirmisher |
| 15:26 | Queue | Villager (Male) |
| 15:27 | Queue | Villager (Male) |
| 15:30 | Build | Farm |
| 15:39 | Queue | Villager (Male) |
| 15:45 | Research | Double-Bit Axe |
| 15:46 | Research | Double-Bit Axe |
| 16:17 | Research | Padded Archer Armor |
| 16:17 | Research | Padded Archer Armor |
| 16:24 | Queue | Skirmisher |
| 16:36 | Build | Farm |
| 16:37 | Build | Farm |
| 16:37 | Build | Farm |
| 16:46 | Queue | Skirmisher |
| 17:15 | Queue | Villager (Male) |
| 17:17 | Build | Farm |
| 17:18 | Build | Farm |
| 17:19 | Build | Farm |
| 17:23 | Queue | Villager (Male) |
| 17:46 | Queue | Villager (Male) |
| 17:46 | Queue | Villager (Male) |
| 17:47 | Build | House |
| 18:21 | Queue | Skirmisher |
| 18:21 | Queue | Skirmisher |
| 18:22 | Queue | Villager (Male) |
| 18:25 | Build | Mill |
| 18:38 | Build | Stable |
| 18:44 | Build | Farm |
| 18:46 | Build | Farm |
| 18:48 | Queue | Skirmisher |
| 18:48 | Queue | Skirmisher |
| 18:50 | Queue | Skirmisher |
| 18:59 | Build | House |
| 19:00 | Build | Palisade Wall |
| 19:26 | Queue | Villager (Male) |
| 19:40 | Queue | Villager (Male) |
| 19:40 | Queue | Villager (Male) |
| 20:01 | Queue | Scout Cavalry |
| 20:01 | Queue | Scout Cavalry |
| 20:04 | Queue | Villager (Male) |
| 20:06 | Build | Farm |
| 20:06 | Build | Farm |
| 20:06 | Build | Farm |
| 20:07 | Build | Farm |
| 20:07 | Build | Farm |
| 20:07 | Build | Farm |
| 20:07 | Build | Farm |
| 20:19 | Queue | Scout Cavalry |
| 20:20 | Queue | Scout Cavalry |
| 20:23 | Build | Farm |
| 20:24 | Build | Farm |
| 20:24 | Build | Farm |
| 20:42 | Queue | Skirmisher |
| 20:43 | Queue | Scout Cavalry |
| 20:46 | Queue | Villager (Male) |
| 20:46 | Queue | Villager (Male) |
| 20:59 | Queue | Villager (Male) |
| 21:02 | Build | Farm |
| 21:03 | Build | Farm |
| 21:03 | Build | Farm |
| 21:04 | Build | Farm |
| 21:04 | Build | Farm |
| 21:21 | Research | Scale Barding Armor |
| 21:21 | Research | Scale Barding Armor |
| 21:38 | Build | Market |
| 21:53 | Queue | Scout Cavalry |
| 21:53 | Queue | Scout Cavalry |
| 21:58 | Queue | Skirmisher |
Match timeline
| 6:40 | DeliManyak · first_building Barracks |
| 8:14 | 刻骨銘心 · first_building Barracks |
| 9:26 | 刻骨銘心 · age_up feudal |
| 9:28 | 刻骨銘心 · first_building Archery Range |
| 10:03 | DeliManyak · wall_segment Palisade Wall x1 |
| 10:04 | DeliManyak · wall_segment Palisade Wall x1 |
| 10:06 | DeliManyak · wall_segment Palisade Wall x1 |
| 10:15 | DeliManyak · age_up feudal |
| 10:45 | DeliManyak · first_building Archery Range |
| 11:05 | DeliManyak · wall_segment Palisade Wall x3 |
| 11:27 | DeliManyak · wall_segment Palisade Wall x5 |
| 11:29 | DeliManyak · wall_segment Palisade Wall x9 |
| 11:59 | 刻骨銘心 · wall_segment Palisade Wall x1 |
| 12:09 | 刻骨銘心 · wall_segment Palisade Wall x1 |
| 12:20 | 刻骨銘心 · wall_segment Palisade Wall x1 |
| 12:22 | 刻骨銘心 · wall_segment Palisade Wall x1 |
| 12:43 | 刻骨銘心 · wall_segment Palisade Wall x1 |
| 12:45 | 刻骨銘心 · wall_segment Palisade Wall x1 |
| 13:05 | 刻骨銘心 · wall_segment Palisade Wall x1 |
| 13:08 | 刻骨銘心 · wall_segment Palisade Wall x1 |
| 18:38 | DeliManyak · first_building Stable |
| 19:00 | DeliManyak · wall_segment Palisade Wall x3 |
| 20:37 | 刻骨銘心 · wall_segment Palisade Wall x9 |
| 22:46 | 刻骨銘心 · age_up castle |
| 23:22 | DeliManyak · first_market_buy 100 food |
| 23:23 | DeliManyak · first_market_sell 100 wood |
| 23:44 | DeliManyak · wall_segment Palisade Wall x3 |
| 23:51 | DeliManyak · wall_segment Palisade Wall x6 |
| 24:37 | 刻骨銘心 · first_market_sell 100 stone |
| 24:38 | 刻骨銘心 · first_market_buy 100 wood |
| 26:08 | DeliManyak · age_up castle |
| 26:16 | DeliManyak · first_building Siege Workshop |
| 34:42 | 刻骨銘心 · first_building Monastery |
| 38:15 | 刻骨銘心 · first_building Castle |
| 38:28 | 刻骨銘心 · age_up imperial |
| 39:36 | DeliManyak · first_building Castle |
| 42:10 | 刻骨銘心 · first_building Siege Workshop |
| 45:17 | DeliManyak · resign |
[ AI ANALYSIS · 1 CREDIT ]
What really happened in this match?
Wolo.gg analyzes every decision: build order, eco, micro, common mistakes by bracket. Personalized analysis on WhatsApp or Discord in 30 seconds.
Civ guide
Shu
Perfil
Jugador #6017945